[Event "*** Titled Tuesday Blitz"]
[Site "Chess.com"]
[Date "2020.11.10"]
[Round "9"]
[White "SharapovEvgeny"]
[Black "Ze-Pequeno"]
[Result "1-0"]
[WhiteElo "2469"]
[BlackElo "2271"]
[TimeControl "180+1"]
[EndTime "11:52:05 PST"]
[Termination "SharapovEvgeny won on time"]

1. c4 Nf6 2. Nc3 c5 3. Nf3 b6 4. d4 cxd4 5. Nxd4 Bb7 6. f3 d6 7.
e4 e6 8. Be2 Be7 9. O-O O-O 10.
Be3 a6 11. Qd2 Nbd7 12. Rfc1 Qc7 13. Rab1 Rac8 14. b4 Rfd8 15. Rc2 Ne5 16. Na4 Nfd7 17. Qc1 Qb8 18. Nb3 Ba8 19. c5 b5 20. Nb2 dxc5 21.
bxc5 Nc6 22. a3 Qc7 23. Nd3 Bf6 24. Nb4 Bb7 25. Nxc6 Bxc6 26. Qe1 Nb8 27. Rd1 Be5 28. g3 h6 29. Kg2 Bf6 30. Rxd8+ Rxd8 31. Rd2 Rxd2 32. Qxd2 Kf8 33. Bf4 e5 34. Be3 Be7 35. h4 Bd8 36. h5 Qd7 37. Qxd7 Bxd7 38. f4 Nc6 39. f5 1-0

[Event "*** Titled Tuesday Blitz"]
[Site "Chess.com"]
[Date "2020.11.10"]
[Round "9"]
[White "crazy_but_lazy"]
[Black "JonahWillow"]
[Result "1-0"]
[WhiteElo "2492"]
[BlackElo "2599"]
[TimeControl "180+1"]
[EndTime "11:52:06 PST"]
[Termination "crazy_but_lazy won by checkmate"]

1. d4 Nf6 2. c4 c5 3. Nf3 e6 4. g3 cxd4 5. Nxd4 Nc6 6. Nb3 Qb6 7. Bg2 Ne5 8. N1d2 d5 9. cxd5 exd5 10. O-O Bd6 11.
Nf3 Nxf3+ 12. Bxf3 Be6 13. Be3 Qd8 14. Nc5 Qe7 15.
Qa4+ Kf8 16. Nxe6+ fxe6 17. Rac1 Kf7 18. Qb3 Rhc8 19.
Bg5 h6 20. Bxf6 gxf6 21. Bh5+ Kg7 22. Qf3 f5 23. Qb3 b6 24. Bf3 Qg5 25. Qa4 Rxc1 26.
Qd7+ Be7 27. Qxe6 Rxf1+ 28. Kxf1 Qf6 29. Qxd5 Rd8 30. Qb7 Rd2 31. Kg2 Rxb2 32. Qxa7 Qe6 33. a4 Ra2 34. Qa8 Qe5 35. Bd5 Qxe2 36. Qg8+ Kf6 37.
Bxa2 Bc5 38. Qf7+ Kg5 39. h4+ Kg4 40. Qg6# 1-0

[Event "*** Titled Tuesday Blitz"]
[Site "Chess.com"]
[Date "2020.11.10"]
[Round "9"]
[White "Obito24"]
[Black "swimmerchess"]
[Result "0-1"]
[WhiteElo "2578"]
[BlackElo "2822"]
[TimeControl "180+1"]
[EndTime "11:52:07 PST"]
[Termination "swimmerchess won by resignation"]

1. e4 c5 2. Nf3 Nc6 3. Bb5 Na5 4. O-O a6 5. Be2 b5 6. d4 cxd4 7. Nxd4 Bb7 8. Bd3 e6 9. a4 b4 10. Nd2 Nf6 11. Re1 Qb6 12. N2b3 Rc8 13. Qe2 Be7 14. Be3 Qc7 15. Nxa5 Qxa5 16. Nb3 Qc7 17. Bxa6 Nxe4 18. a5 Bxa6 19. Qxa6 O-O 20. Bb6 Qc6 21. Nd4 Qd5 22.
Rad1 Nc5 23. Qb5 Qh5 24. a6 d5 25. a7 Ne4 26. Nf3 Qf5 27. Qd3 Bf6 28. Ra1 Ra8 29. Ra2 Rfc8 30. h3 Qf4 31. Be3 Qc7 32.
Bd4 Qxc2 33. Qxc2 Rxc2 34. Bxf6 gxf6 35. Nd4 Rc7 36. Nb5 Rb7 37. Ra5 Nd2 38. Re3 Nc4 39.
Rg3+ Kf8 0-1

[Event "*** Titled Tuesday Blitz"]
[Site "Chess.com"]
[Date "2020.11.10"]
[Round "9"]
[White "ural58"]
[Black "KaterinaMiroshnik"]
[Result "0-1"]
[WhiteElo "2384"]
[BlackElo "2561"]
[TimeControl "180+1"]
[EndTime "11:52:07 PST"]
[Termination "KaterinaMiroshnik won by resignation"]

1. e4 e6 2. Qe2 Ne7 3. Nc3 d5 4. d4 c6 5. Nf3 Nd7 6. Bf4 dxe4 7. Nxe4 Nd5 8. Nd6+ Bxd6 9. Bxd6 N7f6 10. Ba3 Ne7 11.
O-O-O O-O 12. Ne5 Re8 13. Qf3 Qd5 14. Bc4 Qxf3 15. Nxf3 b5 16. Bd3 a5 17. Bc5 Ned5 18.
g3 Nb4 19. a3 Nxd3+ 20. Rxd3 Ne4 21. Rf1 e5 22. Bb6 Bh3 23. Re1 Nxf2 24. Rd2 e4 25.
Rxf2 exf3 26. Rxe8+ Rxe8 27. Rxf3 a4 28. c4 bxc4 29.
Kd2 Rb8 30. Re3 Be6 31. d5 cxd5 32. Bd4 Rb5 33. Bc3 h6 34. Re5 Rb8 35. Ke3 Re8 36. Kd4 f6 37. Re3 Kf7 38. Kc5 Rd8 39. Bd4 Bf5 40. Kb4 Rb8+ 41. Kxa4 Be4 42. b4 cxb3 43. Bb2 Bc2 44. Rc3 d4 45. Rc7+ Ke6 46. Rxg7 d3 47. Rg6 d2 48. Rxf6+ Kd5 49. Rf1 0-1

[Event "*** Titled Tuesday Blitz"]
[Site "Chess.com"]
[Date "2020.11.10"]
[Round "9"]
[White "MatyChess1"]
[Black "MartinMatthiesen"]
[Result "1-0"]
[WhiteElo "2562"]
[BlackElo "2409"]
[TimeControl "180+1"]
[EndTime "11:52:08 PST"]
[Termination "MatyChess1 won by resignation"]

1. e4 e5 2. Nf3 Nc6 3. Bc4 Nf6 4. d3 Bc5 5. c3 d6 6. Bb3 O-O 7. h3 h6 8. O-O Re8 9. Re1 a6 10. Nbd2 Be6 11. Nf1 Ba7 12. Ng3 d5 13. Qe2 Qd7 14. Nh4 dxe4 15. dxe4 Bxb3 16. axb3 a5 17. Nhf5 Qe6 18.
Qb5 Bb6 19. Be3 Bxe3 20. Rxe3 Rab8 21. Rd3 h5 22. Rad1 g6 23. Nh4 b6 24. Nf3 Red8 25.
Rxd8+ Rxd8 26. Rxd8+ Nxd8 27. Qxe5 Qxe5 28. Nxe5 Ne6 29.
Nd3 h4 30. e5 hxg3 31. exf6 gxf2+ 32. Kxf2 Nf8 33. Ne5 Nh7 34. Nd7 Ng5 35. Ke3 Ne6 36.
h4 Kh7 37. Ne5 Nd8 38. g4 Kg8 39. Ke4 Ne6 40. Nd3 Kf8 41. Kd5 Ke8 42. Kc6 Kd8 43. Ne5 Ke8 44. h5 gxh5 45. gxh5 Kf8 46. h6 Kg8 47. Nxf7 Kxf7 48. h7 Nd8+ 49. Kxc7 1-0

[Event "*** Titled Tuesday Blitz"]
[Site "Chess.com"]
[Date "2020.11.10"]
[Round "9"]
[White "keepitcoming"]
[Black "Mikhal867"]
[Result "0-1"]
[WhiteElo "2487"]
[BlackElo "2362"]
[TimeControl "180+1"]
[EndTime "11:52:08 PST"]
[Termination "Mikhal867 won on time"]

1. d4 Nf6 2. c4 g6 3. Nc3 Bg7 4. e4 O-O 5. f3 d6 6. Nge2 a6 7. Ng3 Nc6 8. Be3 e5 9. d5 Nd4 10. Bd3 c5 11. O-O h5 12. Bg5 Qe8 13. Qd2 Nh7 14. Bh6 h4 15. Nh1 b5 16. Bxg7 Kxg7 17.
Rae1 g5 18. a3 f6 19. Nf2 Rh8 20. b4 cxb4 21. axb4 bxc4 22. Bxc4 Nf8 23. Qd3 h3 24. g3 Nd7 25. Nfd1 Nb6 26. Ba2 a5 27. b5 Bd7 28.
Ne3 a4 29. Rb1 Ra5 30. Bc4 a3 31. Rf2 Qc8 32. Rb4 Qc5 33. Na2 Rc8 34. f4 g4 35.
fxe5 fxe5 36. Qe2 Nf3+ 37. Kf1 Nxc4 38. Rxc4 Bxb5 39. Rxc5 Bxe2+ 40. Kxe2 Raxc5 41. Nxg4 Rc2+ 42. Kxf3 Rf8+ 0-1

[Event "*** Titled Tuesday Blitz"]
[Site "Chess.com"]
[Date "2020.11.10"]
[Round "9"]
[White "The_Machine04"]
[Black "PlotnikovPavel"]
[Result "0-1"]
[WhiteElo "2282"]
[BlackElo "2450"]
[TimeControl "180+1"]
[EndTime "11:52:08 PST"]
[Termination "PlotnikovPavel won on time"]

1. d4 Nf6 2. Bg5 g6 3. Bxf6 exf6 4. g3 Bg7 5. Bg2 O-O 6. e3 d5 7. Ne2 b6 8. O-O Bb7 9. c4 f5 10. Nbc3 c6 11. cxd5 cxd5 12. Nf4 Qd7 13. Nfxd5 g5 14. Qh5 f6 15. h4 g4 16. Rad1 Nc6 17. Rfe1 Rae8 18. Nf4 Nd8 19. Bxb7 Nxb7 20. e4 fxe4 21. Nxe4 f5 22. Ng5 Bxd4 23. Rxe8 Rxe8 24. Nxh7 Re7 25. Qg6+ Rg7 26. Qe6+ Kxh7 27. Qxd7 Rxd7 28. Kf1 Nc5 29. b4 Na4 0-1

[Event "*** Titled Tuesday Blitz"]
[Site "Chess.com"]
[Date "2020.11.10"]
[Round "9"]
[White "Mr_Heisenberg13"]
[Black "Luklei18"]
[Result "1-0"]
[WhiteElo "2490"]
[BlackElo "2331"]
[TimeControl "180+1"]
[EndTime "11:52:09 PST"]
[Termination "Mr_Heisenberg13 won on time"]

1. e4 e6 2. d4 d5 3. Nd2 a6 4. Ngf3 Nf6 5. e5 Nfd7 6. Bd3 c5 7. c3 Nc6 8. O-O g5 9. Nb3 h6 10. Nxc5 Nxc5 11. dxc5 Bxc5 12. b4 Be7 13. Qe2 Bd7 14.
a3 Qc7 15. Bb2 O-O-O 16. c4 dxc4 17. Bxc4 Kb8 18. Rac1 Rc8 19. Bb3 Qd8 20. Rfd1 Qe8 21. Qe3 Na7 22. Bd4 Nb5 23. Bc5 Nxa3 24. Nd2 Bxc5 25.
Rxc5 Rxc5 26. bxc5 Nb5 27. Nc4 Bc6 28. Nd6 Nxd6 29.
cxd6 Qd7 30. Bc4 Bb5 31. Bxb5 Qxb5 32. Qf3 Qd7 33. Qf6 Rg8 34. Qxh6 b5 35. Qh3 a5 36. Qd3 Kb7 37. Ra1 Ka6 38. Qc3 Qd8 39. Qc6+ Qb6 40. Qd7 Rd8 41. Qxf7 b4 42. Qxe6 b3 43.
Qc4+ Qb5 44. Qc7 Rd7 45. Qc8+ Kb6 46. Rb1 a4 47. h3 a3 48. Rxb3 1-0

[Event "*** Titled Tuesday Blitz"]
[Site "Chess.com"]
[Date "2020.11.10"]
[Round "9"]
[White "zivicd"]
[Black "Zarikovs1999"]
[Result "0-1"]
[WhiteElo "2242"]
[BlackElo "2376"]
[TimeControl "180+1"]
[EndTime "11:52:09 PST"]
[Termination "Zarikovs1999 won by checkmate"]

1. e4 Nc6 2. Nf3 d6 3. h3 g6 4.
d4 Bg7 5. c3 e5 6. Bg5 Nge7 7.
d5 Nb8 8. Qd2 h6 9. Be3 Nd7 10.
g4 a5 11. Na3 g5 12. Ng1 Ng6 13. O-O-O Nf4 14. Ne2 Nf8 15. Ng3 N8g6 16. Bb5+ Bd7 17. Nf5 Bf6 18. Kb1 Kf8 19. Qc2 Bxb5 20. Nxb5 Qd7 21. c4 b6 22. a4 h5 23. f3 Ne7 24. Bf2 Nxf5 25. exf5 Kg7 26. Nc3 hxg4 27. hxg4 Rxh1 28. Rxh1 Rh8 29. Qd1 Rh3 30. Rxh3 Nxh3 31.
Qf1 Nf4 32. b3 Qe8 33. Qh1 Nd3 34. Bg3 c6 35. dxc6 Qxc6 36. Nd5 Qc5 37. Nxf6 Kxf6 38. Qh6+ Ke7 39. Qxg5+ Kd7 40. Qf6 Qg1+ 41. Kc2 Nb4+ 42.
Kb2 Qg2+ 43. Kb1 Qc2+ 44. Ka1 Qa2# 0-1

[Event "*** Titled Tuesday Blitz"]
[Site "Chess.com"]
[Date "2020.11.10"]
[Round "9"]
[White "GothamChess"]
[Black "NateSolon"]
[Result "1-0"]
[WhiteElo "2647"]
[BlackElo "2484"]
[TimeControl "180+1"]
[EndTime "11:52:10 PST"]
[Termination "GothamChess won on time"]

1. e4 c5 2. a3 g6 3. Nc3 Bg7 4. Bc4 Nc6 5. h4 h5 6. Nh3 e6 7. d3 Nge7 8. Ng5 d5 9. Ba2 f6 10. Nh3 d4 11. Ne2 e5 12. f4 Bg4 13. Nf2 Bd7 14.
Ng3 Qc7 15. f5 O-O-O 16. fxg6 Nxg6 17. Bd2 Bh6 18. Bxh6 Rxh6 19. Qd2 Nf4 20. O-O-O Rg6 21. Nf5 Be8 22. g3 Ng2 23. Ng4 Rxg4 24. Qxg2 Bf7 25. Bd5 Kb8 26. Nh6 Bxd5 27. Nxg4 hxg4 28. exd5 Ne7 29.
h5 Nxd5 30. h6 Ne3 31. Qf2 f5 32. h7 Rh8 33. Qh2 c4 34. dxc4 Qxc4 35. Kb1 e4 36. Rd2 d3 37. cxd3 exd3 38. Qh6 Qd5 39. Rc1 Nc4 40. Qf4+ Nd6 41. Rcd1 Rxh7 42. Rxd3 Qe4 43.
Qxd6+ 1-0

[Event "*** Titled Tuesday Blitz"]
[Site "Chess.com"]
[Date "2020.11.10"]
[Round "9"]
[White "ecwinslow"]
[Black "tteshan"]
[Result "0-1"]
[WhiteElo "2233"]
[BlackElo "2366"]
[TimeControl "180+1"]
[EndTime "11:52:10 PST"]
[Termination "tteshan won on time"]

1. e4 c5 2. Nf3 Nc6 3. d4 cxd4 4. Nxd4 e6 5. Nc3 Qc7 6. Be3 Nf6 7. f4 d6 8. Be2 a6 9. O-O Be7 10. Qe1 O-O 11.
Qg3 b5 12. a3 Bb7 13. Rad1 Rfe8 14. e5 dxe5 15. fxe5 Nd7 16. Bd3 Ncxe5 17. Bxh7+ Kxh7 18. Rxf7 Bf6 19. Nxe6 Rxe6 20. Qh3+ Kg8 21. Qxe6 Nxf7 22. Rxd7 Qc4 23. Qxc4 bxc4 24. Rxb7 Re8 25. Kf2 Ne5 26. h3 Nc6 27. Nd5 Bh4+ 28. g3 Bd8 29. h4 Rf8+ 30.
Kg2 Re8 31. Bf4 Re2+ 32. Kf3 Rxc2 33. Rd7 Nd4+ 34. Kg4 Ne6 35. Rd6 Kf7 0-1

[Event "*** Titled Tuesday Blitz"]
[Site "Chess.com"]
[Date "2020.11.10"]
[Round "9"]
[White "dropstoneDP"]
[Black "RaunakSadhwani2005"]
[Result "0-1"]
[WhiteElo "2942"]
[BlackElo "3008"]
[TimeControl "180+1"]
[EndTime "11:52:11 PST"]
[Termination "RaunakSadhwani2005 won by resignation"]

1. e4 c6 2. d4 d5 3. e5 Bf5 4. c4 e6 5. Nc3 Nd7 6. cxd5 cxd5 7. Bd3 Ne7 8. Nge2 Bxd3 9. Qxd3 Nc6 10.
O-O Be7 11. Qg3 g6 12. Bh6 Bf8 13. Bxf8 Kxf8 14. f4 Qb6 15. Qe3 h5 16. Rab1 a5 17. h3 h4 18. Kh2 Kg7 19. f5 exf5 20. Nxd5 Qd8 21. Ndf4 Nb6 22. Rbd1 Nd5 23. Nxd5 Qxd5 24. Nc3 Qe6 25. Rfe1 Rae8 26. Qf4 Qc4 27. Qg5 Rh5 28. Qf6+ Kg8 29. d5 Nxe5 30. d6 Nf3+ 31. gxf3 Qf4+ 32. Kg2 Qg3+ 33. Kf1 Qxh3+ 34. Kg1 Qg3+ 35. Kf1 Qxf3+ 36. Kg1 Qg3+ 37. Kf1 Qf4+ 38. Kg2 Rg5+ 39. Qxg5 Qxg5+ 40. Kh1 Rxe1+ 41. Rxe1 h3 42. Rg1 Qd2 0-1

[Event "*** Titled Tuesday Blitz"]
[Site "Chess.com"]
[Date "2020.11.10"]
[Round "9"]
[White "Fandorine"]
[Black "Chopper1905"]
[Result "0-1"]
[WhiteElo "2831"]
[BlackElo "2947"]
[TimeControl "180+1"]
[EndTime "11:52:11 PST"]
[Termination "Chopper1905 won by resignation"]

1. e4 e5 2. Bc4 Nf6 3. d3 c6 4. Nf3 d5 5. Bb3 a5 6. a3 a4 7. Ba2 Bd6 8. Nc3 Be6 9. Ng5 Bg4 10. f3 Bc8 11. f4 exf4 12. O-O O-O 13. Bxf4 Bxf4 14. Rxf4 h6 15. Nf3 Qb6+ 16. Kh1 Ng4 17. Ng1 Qxb2 18. Qe1 Qxc2 19. exd5 Qxd3 20. h3 Qe3 21.
Rf3 Qxe1 22. Rxe1 Nf6 23. d6 Be6 24. Bxe6 fxe6 25. Rxe6 Nbd7 26. Nge2 Rae8 27. Nd4 Rxe6 28. Nxe6 Re8 29. Nd4 Re1+ 30. Kh2 Ne5 31. Rg3 Kf7 32. Nxa4 Re4 33. Nf5 Rxa4 34. Rxg7+ Ke6 35. Nxh6 Kxd6 36.
g4 Rxa3 37. Nf5+ Kc5 38. g5 Ra2+ 39. Kg3 Nh5+ 0-1

[Event "*** Titled Tuesday Blitz"]
[Site "Chess.com"]
[Date "2020.11.10"]
[Round "9"]
[White "Grandelicious"]
[Black "GOGIEFF"]
[Result "0-1"]
[WhiteElo "2805"]
[BlackElo "2906"]
[TimeControl "180+1"]
[EndTime "11:52:11 PST"]
[Termination "GOGIEFF won by resignation"]

1. Nf3 d5 2. g3 g6 3. c4 d4 4. b4 Bg7 5. d3 e5 6. Bg2 Ne7 7.
O-O O-O 8. a4 a5 9. b5 c5 10.
Ra2 Ra7 11. e3 b6 12. exd4 exd4 13. Re2 Nd7 14. Rfe1 Nf5 15. Nbd2 Nd6 16. Ne4 Nxe4 17. Rxe4 Nf6 18. Bg5 h6 19. Bxf6 Qxf6 20. Ne5 Bf5 21. Rf4 Re7 22. Nc6 Rxe1+ 23. Qxe1 Kh7 24. Be4 Qe6 25. Qd1 Bh3 26. Bg2 Bxg2 27. Kxg2 f5 28. g4 Qd6 29. Rf3 f4 30. Qe2 Qd7 31. h3 Re8 32. Qd1 g5 33. Kg1 Qe6 34. Kf1 Kg6 35.
Kg2 Qe2 36. Qxe2 Rxe2 37. h4 Ra2 38. hxg5 hxg5 39. Ne7+ Kf7 40. Nd5 Rxa4 41. Nxb6 Ra1 42.
Nd7 a4 43. b6 a3 44. Rh3 a2 45. b7 Rb1 46. Rh1 Rxh1 47. Kxh1 a1=Q+ 48. Kg2 f3+ 49. Kg3 Qg1+ 50. Kxf3 Qh1+ 0-1

[Event "*** Titled Tuesday Blitz"]
[Site "Chess.com"]
[Date "2020.11.10"]
[Round "9"]
[White "kuban1991"]
[Black "BogdanDeac"]
[Result "0-1"]
[WhiteElo "2869"]
[BlackElo "2817"]
[TimeControl "180+1"]
[EndTime "11:52:11 PST"]
[Termination "BogdanDeac won by resignation"]

1. Nf3 d5 2. g3 Nf6 3. Bg2 e6 4.
O-O Be7 5. d3 O-O 6. Nbd2 a5 7.
e4 a4 8. Re1 a3 9. b3 c5 10. e5 Nfd7 11. Nf1 Nc6 12. h4 f6 13. exf6 Bxf6 14. Rb1 Nb4 15. Ng5 Nb6 16. Nxe6 Bxe6 17. Rxe6 Nxa2 18. Qh5 Nc3 19. Ra1 Re8 20. Bh3 g6 21.
Qf3 Ne2+ 22. Qxe2 Bxa1 23. Bg5 Qd7 24. h5 Qf7 25. hxg6 hxg6 26. c4 Bd4 27. Kg2 a2 28. Rxe8+ Qxe8 29. Be6+ Kg7 30. Qg4 a1=Q 31. Ne3 Bxe3 32. Bxe3 Qf6 33. Bxd5 Nxd5 34. cxd5 Qf5 35. Qc4 Qee5 0-1

[Event "*** Titled Tuesday Blitz"]
[Site "Chess.com"]
[Date "2020.11.10"]
[Round "9"]
[White "Goryachkina"]
[Black "rasmussvane"]
[Result "1/2-1/2"]
[WhiteElo "2592"]
[BlackElo "2856"]
[TimeControl "180+1"]
[EndTime "11:52:13 PST"]
[Termination "Game drawn by repetition"]

1. e4 c6 2. d4 d5 3. exd5 cxd5 4. Bd3 Nf6 5. h3 Nc6 6. c3 g6 7. Nf3 Bf5 8. Be2 Bg7 9. Bf4 O-O 10. O-O Nd7 11.
Nbd2 e5 12. dxe5 Ndxe5 13. Nxe5 Nxe5 14. Bxe5 Bxe5 15. Nf3 Bg7 16. Nd4 Be6 17. Qd2 Qb6 18. Rad1 Bxd4 19. cxd4 Rac8 20. Rc1 a5 21. Bf3 Rfd8 22.
Rfe1 Rc4 23. Rxc4 dxc4 24. d5 Bf5 25. Qg5 Kg7 26. h4 h6 27. Qd2 Qf6 28. Qxa5 Qxh4 29. Qc3+ Qf6 30. Qxc4 Qxb2 31. a4 h5 32. a5 Qd2 33.
Rd1 Qxa5 34. d6 Qe5 35. Qb4 b5 36. Rd5 Qa1+ 37. Kh2 Qa7 38. Qb2+ Kg8 39. Qf6 Qd7 40.
Rxf5 gxf5 41. Qg5+ Kf8 42. Qh6+ Kg8 43. Qg5+ Kf8 44. Qh6+ Kg8 45. Qg5+ 1/2-1/2

[Event "*** Titled Tuesday Blitz"]
[Site "Chess.com"]
[Date "2020.11.10"]
[Round "9"]
[White "ErikBlomqvist"]
[Black "Chessdude1987"]
[Result "0-1"]
[WhiteElo "2430"]
[BlackElo "2298"]
[TimeControl "180+1"]
[EndTime "11:52:14 PST"]
[Termination "Chessdude1987 won on time"]

1. e4 e6 2. d4 d5 3. e5 c5 4. c3 Nc6 5. Nf3 Qb6 6. a3 f6 7.
Bd3 fxe5 8. dxe5 c4 9. Bc2 Nh6 10. O-O Nf7 11. Re1 Bd7 12. Nbd2 Bc5 13. Qe2 O-O 14. Rf1 Qc7 15. b4 cxb3 16. Nxb3 Be7 17. Bf4 a6 18. Bg3 Na5 19. Nbd4 Rac8 20. h4 Qc4 21.
Bd3 Qa4 22. Bf4 Rxc3 23. Bd2 Rcc8 24. h5 Nb3 25. Be3 Nxd4 26. Bxd4 Bb5 27. Bxb5 axb5 28. Rfb1 Rc4 29. Be3 Bxa3 30. Qd3 b4 31. h6 g6 32.
g3 Rfc8 33. Kg2 Qc6 34. Bf4 Rc3 35. Qe2 d4 36. Rd1 Qd5 37. Rd3 Rxd3 38. Qxd3 Rc3 39. Qd1 d3 40. Ra2 g5 41. Bd2 Rc2 0-1

[Event "*** Titled Tuesday Blitz"]
[Site "Chess.com"]
[Date "2020.11.10"]
[Round "9"]
[White "ShcufNaiRolf"]
[Black "romulocardoso"]
[Result "1-0"]
[WhiteElo "2335"]
[BlackElo "2086"]
[TimeControl "180+1"]
[EndTime "11:52:14 PST"]
[Termination "ShcufNaiRolf won by resignation"]

1. e4 c5 2. Nf3 d6 3. d4 cxd4 4. Nxd4 Nf6 5. Nc3 g6 6. Be3 Bg7 7. f3 O-O 8. Qd2 Nc6 9. Bc4 Be6 10. Nxe6 fxe6 11. Bxe6+ Kh8 12. O-O-O Nd7 13. Bh6 Nc5 14. Bxg7+ Kxg7 15. Bd5 Qa5 16. h4 Nb4 17. h5 Rh8 18.
Qf4 e6 19. h6+ Kg8 20. Qf6 Qc7 21. Bxe6+ Nxe6 22. Qxe6+ Qf7 23. Qxd6 Nxa2+ 24. Nxa2 Qxa2 25. b3 Qa1+ 26. Kd2 Qa5+ 27. Ke2 Qb5+ 28. Rd3 Re8 29. Rd1 Qg5 30. Kf2 Qxh6 31. Qd5+ Kf8 32. Qxb7 Qh4+ 33. Kg1 Re7 34. Rd8+ Kg7 35. Qa8 Rxd8 36. Qxd8 Rxe4 37. fxe4 Qxe4 38. Qc7+ Kh6 39. Qh2+ Kg7 40. Qg3 Qxc2 41. Qd3 Kf6 42. Qxc2 1-0

[Event "*** Titled Tuesday Blitz"]
[Site "Chess.com"]
[Date "2020.11.10"]
[Round "9"]
[White "BocharovD"]
[Black "Zhuu96"]
[Result "1-0"]
[WhiteElo "2795"]
[BlackElo "2887"]
[TimeControl "180+1"]
[EndTime "11:52:15 PST"]
[Termination "BocharovD won by resignation"]

1. c4 g6 2. d4 Bg7 3. Nf3 Nf6 4. g3 O-O 5. Bg2 d6 6. O-O Nbd7 7. Nc3 e5 8. e4 c6 9. h3 Qa5 10. Re1 Re8 11.
d5 cxd5 12. cxd5 b5 13. Nd2 b4 14. Nb3 Qb6 15. Be3 Qb8 16. Na4 Ba6 17. Nd2 Bb5 18. a3 bxa3 19. Rxa3 Rc8 20. Nc3 Bd3 21. Qa1 a6 22. Rc1 Nc5 23. Ra5 Nb7 24. Ra3 Nc5 25. Na4 Nxa4 26. Rxc8+ Qxc8 27. Rxd3 Nc5 28. Rc3 Qd8 29.
Bxc5 dxc5 30. Nc4 Nd7 31. Rb3 Rb8 32. Rxb8 Nxb8 33. Qa4 Bf6 34. h4 Kg7 35. Bh3 Be7 36. Qb3 Qe8 37. Qb7 Bf6 38. Nd6 Qf8 39. Be6 Qe7 40.
Qxb8 fxe6 41. Ne8+ Kf7 42. Nd6+ Kg7 43. Ne8+ Kf7 44. Nxf6 Kxf6 45. d6 Qf7 46. Qd8+ Kg7 47. d7 1-0

[Event "*** Titled Tuesday Blitz"]
[Site "Chess.com"]
[Date "2020.11.10"]
[Round "9"]
[White "Jumbo"]
[Black "Promacherr"]
[Result "1-0"]
[WhiteElo "2870"]
[BlackElo "2722"]
[TimeControl "180+1"]
[EndTime "11:52:15 PST"]
[Termination "Jumbo won by checkmate"]

1. d4 d5 2. c4 e6 3. Nc3 c5 4. cxd5 exd5 5. Nf3 Nc6 6. e3 Nf6 7. Bb5 Bg4 8. Qa4 Bd7 9. Ne5 Rc8 10. Nxd7 Qxd7 11. dxc5 Bxc5 12. O-O O-O 13. Rd1 a6 14. Bf1 Qf5 15. Qh4 Rcd8 16. Bd3 Qe5 17. Ne2 Ne4 18. Bd2 Qxb2 19. Bc3 Qb6 20. Rab1 Qc7 21. Bxe4 dxe4 22. Qg5 f5 23. Nf4 Qe7 24. Qxg7+ Qxg7 25. Bxg7 Kxg7 26. Ne6+ Kf6 27. Nxc5 Ne5 28. Nxb7 Rxd1+ 29. Rxd1 Nd3 30. Rb1 Rc8 31. h3 Rc2 32. Rb6+ Kg5 33. Nd6 Rc1+ 34. Kh2 Nxf2 35. Nf7+ Kh5 36. Rh6# 1-0

[Event "*** Titled Tuesday Blitz"]
[Site "Chess.com"]
[Date "2020.11.10"]
[Round "9"]
[White "horripile"]
[Black "pastouche06"]
[Result "1-0"]
[WhiteElo "2678"]
[BlackElo "2522"]
[TimeControl "180+1"]
[EndTime "11:52:15 PST"]
[Termination "horripile won on time"]

1. e4 c6 2. Nf3 d5 3. Nc3 dxe4 4. Nxe4 Nf6 5. Nxf6+ exf6 6. Bc4 Bd6 7. Qe2+ Qe7 8.
Qxe7+ Bxe7 9. O-O Be6 10. Bxe6 fxe6 11. d4 Kf7 12. Re1 c5 13. Be3 Rc8 14. c3 cxd4 15. Nxd4 Nc6 16. f4 Nxd4 17. Bxd4 Bc5 18. Bxc5 Rxc5 19.
Rad1 Re8 20. Rd7+ Re7 21. Red1 Rc7 22. Rd8 Re8 23. R8d7+ Re7 24. Rxc7 Rxc7 25. Kf2 Ke7 26. Ke3 Rc5 27. Ke4 g5 28. fxg5 Rxg5 29. g3 h5 30. Rd2 h4 31. Kf3 hxg3 32. hxg3 Rf5+ 33. Ke4 Re5+ 34. Kf3 Rf5+ 35. Kg2 e5 36. a4 e4 37. Rd4 Re5 38. Kf2 Ke6 39. Ke3 f5 40. Rd8 Ra5 41. Rb8 b6 42. b3 Rc5 43. c4 Rc7 44. Rd8 Rg7 45. Kf2 Ke5 46. Rd5+ Ke6 47. a5 bxa5 48. Rxa5 Rb7 49. Ra3 Ke5 50. Ke3 Rd7 51. Ra5+ Ke6 52. Kf4 Rd3 53. Re5+ Kd6 54. Rxf5 Rxb3 55. g4 e3 56. Re5 Rc3 57. Re4 1-0

[Event "*** Titled Tuesday Blitz"]
[Site "Chess.com"]
[Date "2020.11.10"]
[Round "9"]
[White "Gulkov_Igor"]
[Black "ChronicUnhappiness"]
[Result "1-0"]
[WhiteElo "2455"]
[BlackElo "2329"]
[TimeControl "180+1"]
[EndTime "11:52:15 PST"]
[Termination "Gulkov_Igor won by resignation"]

1. Nf3 Nf6 2. c4 e6 3. Nc3 d5 4. d4 Bb4 5. Bg5 h6 6. Bxf6 Qxf6 7. e3 O-O 8. Rc1 dxc4 9. Bxc4 c5 10. O-O cxd4 11. Ne4 Qe7 12. Nxd4 Bd7 13. a3 Ba5 14.
Bb5 Bxb5 15. Nxb5 Nc6 16. Qd6 Rfe8 17. Rfd1 Rad8 18. Qxe7 Rxd1+ 19. Rxd1 Rxe7 20. Kf1 Bb6 21. Ke2 a6 22. Nbd6 f5 23. Nc3 Bc5 24. Nc4 b5 25.
Nd2 Rd7 26. Rc1 Ne5 27. Rc2 Bb6 28. Nf3 Nc4 29. a4 b4 30. Nd1 Na5 31. Rc8+ Kh7 32. Nd2 Rc7 33. Rxc7 Bxc7 34. Kd3 Kg6 35. h3 Kf6 36.
Nc4 e5 37. Nxa5 Bxa5 38. Kc4 e4 39. Kd5 g5 40. b3 Bc7 41. Kc5 a5 42. Kc6 Be5 43.
Kb6 f4 44. Kxa5 Bc3 45. Kb5 Ke6 46. a5 Kd6 47. Kb6 Be5 48. a6 1-0

[Event "*** Titled Tuesday Blitz"]
[Site "Chess.com"]
[Date "2020.11.10"]
[Round "9"]
[White "Xeniya2005"]
[Black "politeplayer"]
[Result "1-0"]
[WhiteElo "2378"]
[BlackElo "2246"]
[TimeControl "180+1"]
[EndTime "11:52:15 PST"]
[Termination "Xeniya2005 won by checkmate"]

1. e4 e6 2. d4 d5 3. Nd2 dxe4 4. Nxe4 Nd7 5. Nf3 Ngf6 6. Nxf6+ Nxf6 7. Bd3 c5 8. c3 cxd4 9. Nxd4 Bd6 10. h3 O-O 11.
O-O b6 12. Qf3 Rb8 13. Nc6 Bb7 14. Nxd8 Bxf3 15. gxf3 Rbxd8 16. Be3 Bh2+ 17. Kxh2 Rxd3 18. Kg2 Rfd8 19. Rae1 Nh5 20. f4 Nf6 21. Kf3 Nd5 22.
Re2 Ne7 23. Rc2 Nf5 24. Rg1 h5 25. Ke2 h4 26. Rg5 Rd1 27. a4 Rh1 28. a5 bxa5 29. Bxa7 Rdd1 30. Be3 Rde1+ 31. Kd2 Rd1+ 32. Ke2 Rb1 33.
c4 Rxh3 34. c5 Rhh1 35. c6 h3 36. Rxf5 exf5 37. c7 Rhe1+ 38. Kd2 h2 39. c8=Q+ Kh7 40. Qxf5+ Kh6 41. Qg5+ Kh7 42. Qh5+ Kg8 43. Rc8# 1-0

[Event "*** Titled Tuesday Blitz"]
[Site "Chess.com"]
[Date "2020.11.10"]
[Round "9"]
[White "maciek_92"]
[Black "ChessWarrior7197"]
[Result "0-1"]
[WhiteElo "2778"]
[BlackElo "3000"]
[TimeControl "180+1"]
[EndTime "11:52:16 PST"]
[Termination "ChessWarrior7197 won by resignation"]

1. e4 c6 2. d4 d5 3. e5 Bf5 4. Nf3 e6 5. Be2 c5 6. Be3 Qb6 7. Nc3 Nc6 8. O-O Qxb2 9. Qe1 cxd4 10. Bxd4 Nxd4 11. Nxd4 Bb4 12. Rb1 Bxc3 13. Rxb2 Bxe1 14. Rxe1 b6 15. Nb5 Kf8 16. c4 Ne7 17. Rc1 g5 18. cxd5 Nxd5 19. Bf3 Kg7 20. Nd4 Bg6 21. Bxd5 exd5 22.
h4 gxh4 23. f4 Be4 24. Rb3 Rhc8 25. Rbc3 Rc5 26. Rxc5 bxc5 27. Rxc5 Rb8 28. Rc7 Kg6 29. Kh2 Rb2 30. Kh3 Kh5 31. g4+ hxg3 32. Kxg3 Rd2 33.
Nc6 Rg2+ 34. Kh3 Rc2 35. Kg3 d4 36. Rxf7 Rxc6 37. f5 d3 38. Kf4 Kh6 39. Kxe4 Rd6 40.
Rc7 d2 41. exd6 d1=Q 42. d7 Qg4+ 43. Ke5 Qg3+ 44. Ke6 Qxc7 45. Ke7 Qe5+ 0-1

[Event "*** Titled Tuesday Blitz"]
[Site "Chess.com"]
[Date "2020.11.10"]
[Round "9"]
[White "ShapkinAnatoliy"]
[Black "RD4ever"]
[Result "1/2-1/2"]
[WhiteElo "2647"]
[BlackElo "2820"]
[TimeControl "180+1"]
[EndTime "11:52:16 PST"]
[Termination "Game drawn by agreement"]

1. d4 d5 2. c4 e6 3. Nf3 Nf6 4. g3 Be7 5. Bg2 O-O 6. O-O c6 7. Qc2 b6 8. Nbd2 Bb7 9. e4 Na6 10. a3 c5 11. exd5 exd5 12. dxc5 Nxc5 13. b4 Ne6 14. Bb2 dxc4 15. Nxc4 Be4 16. Qb3 Bd5 17. Rad1 b5 18. Bxf6 Bxf6 19. Nfe5 bxc4 20. Qe3 Nc7 21. Bxd5 Nxd5 22. Qc5 Rc8 23. Qxd5 Qxd5 24. Rxd5 c3 25.
Nd7 c2 26. Nxf6+ gxf6 27. Rc1 Rc3 28. Rc5 Rc8 29. Rxc8+ Rxc8 30. Kf1 Rc3 31. Ke2 Kg7 32. Kd2 Rxa3 33. Rxc2 Kg6 34. Rc7 h5 35. h3 a6 36.
h4 Ra2+ 37. Ke3 Ra3+ 38. Ke2 Ra2+ 39. Kf3 Ra3+ 40. Ke2 Ra4 41. Rb7 Kf5 42. b5 axb5 43. Rxb5+ Kg6 44. Rd5 Rb4 1/2-1/2